 Dungeon Crawl Stone Soup version 0.22-a0-247-gbddf880 (webtiles) character file.

14660 Amnesiac the Prestidigitator (level 11, -1/66 HPs)
             Began as a Deep Elf Artificer on Feb 24, 2018.
             Was an Initiate of Gozag.
             Slain by a wyvern (7 damage)
             ... on level 12 of the Dungeon.
             The game lasted 00:31:26 (16130 turns).

Amnesiac the Prestidigitator (Deep Elf Artificer)  Turns: 16130, Time: 00:31:26

Health: -1/66      AC: 18    Str: 16    XL:     11   Next: 91%
Magic:  23/23      EV:  9    Int: 17    God:    Gozag
Gold:   2014       SH: 10    Dex: 15    Spells: 10/10 levels left

rFire    . . .     SeeInvis +   a - +2 short sword (elec)
rCold    . . .     Gourm    .   G - +0 shield
rNeg     + . .     Faith    .   Y - +2 chain mail {rN+}
rPois    .         Spirit   .   p - +0 helmet
rElec    .         Reflect  .   K - +1 cloak
rCorr    .         Harm     .   y - +1 pair of gloves
MR       +....                  (no boots)
Stlth    ..........             (no amulet)
HPRegen  0.21/turn              S - ring of see invisible
MPRegen  0.18/turn              g - +4 ring of strength

@: no status effects
A: no striking features
a: Potion Petition, Call Merchant, Bribe Branch, Renounce Religion


You were on level 12 of the Dungeon.
You worshipped Gozag.
Gozag was most pleased with you.
You were not hungry.

You visited 2 branches of the dungeon, and saw 13 of its levels.
You also visited: Sewer.

You collected 2117 gold pieces.
You spent 28 gold pieces at shops.
You paid 75 gold pieces to Gozag.

Inventory:

Hand Weapons
 a - a +2 short sword of electrocution (weapon)
 O - a +3 dagger of chaos
Missiles
 c - 253 stones (quivered)
 j - 81 sling bullets
 q - 38 poisoned needles
 D - 4 needles of sleeping
 E - 2 throwing nets
 T - 3 curare-tipped needles
Armour
 i - a +0 pair of boots
 n - a +2 robe of magic resistance
 o - a +0 large shield
 p - a +0 helmet (worn)
 y - a +1 pair of gloves (worn)
 G - a +0 shield (worn)
 K - a +1 cloak (worn)
 P - a +2 robe of the Archmagi
 Y - a +2 chain mail of positive energy (worn)
 Z - the +8 plate armour "Baeshralu" {rPois rC+ rN+ rCorr MP-9, unknown}
   (You found it on level 10 of the Dungeon)

   It protects you from cold.
   It protects you from poison.
   It protects you from negative energy.
   It affects your magic capacity (-9).
   It protects you from acid and corrosion.
Magical Staves
 b - an uncursed staff of earth
 J - an uncursed staff of air
 R - an uncursed staff of power
Jewellery
 g - a +4 ring of strength (right hand)
 h - an uncursed ring of resist corrosion
 z - an uncursed ring of ice
 S - a ring of see invisible (left hand)
 U - an uncursed ring of ice
 W - an uncursed ring of magical power
Wands
 d - a wand of enslavement (9)
 e - a wand of random effects (2)
 v - a wand of paralysis (2)
 A - a wand of polymorph (13)
 C - a wand of clouds (7)
 L - a wand of flame (18)
Scrolls
 k - 9 scrolls of remove curse {!r}
 l - 6 scrolls of teleportation {!r}
 t - 4 scrolls of blinking {!r}
 w - 17 scrolls of identify {!r}
 x - 2 scrolls of enchant armour {!r}
 B - 2 scrolls of fog {!r}
 F - 4 scrolls of enchant weapon {!r, unknown}
 M - a scroll of acquirement {!r, unknown}
 N - a scroll of amnesia {!r}
 V - a scroll of magic mapping {!r, unknown}
Potions
 m - 2 potions of haste {!q}
 r - 2 potions of cancellation {!q}
 s - a potion of magic {!q}
 u - 2 potions of flight {!q}
 H - a potion of lignification {!q, unknown}
 I - a potion of mutation {!q, unknown}
 Q - a potion of might {!q, unknown}
 X - 2 potions of curing {!q}
Comestibles
 f - 12 rations


   Skills:
 + Level 6.5 Fighting
 - Level 2.0 Short Blades
 + Level 6.4 Armour
 + Level 7.5 Dodging
 - Level 2.4 Stealth
 + Level 6.5 Shields
 * Level 13.5 Evocations


You had 10 spell levels left.
You didn't know any spells.

Dungeon Overview and Level Annotations

Branches:
Dungeon (12/15)            Temple (1/1) D:6            Lair (0/6) D:10
    Orc (0/2) D:12

Altars:
Dithmenos
Gozag
Hepliaklqana
Kikubaaqudgha
Makhleb
Okawaru
Ru
Uskayaw
Vehumet
Wu Jian
Xom
Yredelemnul

Shops:
D:4 %(!   D:7 :   D:11 %   D:12 ?[(


Message History

Anything else - Cancel.
Gang up on whom?
Press: ? - help, Dir - move target cursor, f - orc warrior
Aim: an orc warrior, wielding a glaive and wearing a plate armour Attack!
The orc warrior hits your wyvern with a glaive!
The orc warrior barely misses your wyvern.
An orc comes into view.
What are your orders? t - Shout!
Orders for allies: a - Attack new target. p - Attack previous target. r - Retreat! s - Stop attacking. g - Guard the area. f - Follow me.
Anything else - Cancel.
Okay, then.
What are your orders? t - Shout!
Orders for allies: a - Attack new target. p - Attack previous target. r - Retreat! s - Stop attacking. g - Guard the area. f - Follow me.
Anything else - Cancel.
You shout for attention!
The orc barely misses your wyvern.
The orc warrior dies!
Your wyvern looks stronger.
The orc dies!
No target in view!
You now have 1976 gold pieces (gained 14).
You now have 1997 gold pieces (gained 21).
C - a wand of clouds (7)
Things that are here:
a dagger; a robe You now have 2014 gold pieces (gained 17).
The wyvern is no longer charmed.
The wyvern is too close now for your liking.
A wyvern is nearby!
A wyvern is nearby!
The wyvern bites you.
* * * LOW HITPOINT WARNING * * *
You hit the wyvern but do no damage.
The wyvern is moderately wounded.
You block the wyvern's attack.
You barely miss the wyvern.
The wyvern is moderately wounded.
The wyvern bites you!
* * * LOW HITPOINT WARNING * * *
The wyvern bites you but does no damage.
You are too injured to fight recklessly!
You are too injured to fight recklessly!
Evoke which item? (* to show all) (? for menu, Esc to quit)
Aiming: Polymorph
Press: ? - help, Shift-Dir - straight line, f - wyvern
Aim: a wyvern (moderately wounded, chance to defeat MR: 77%)
Okay, then.
Evoke which item? (* to show all) (? for menu, Esc to quit)
Okay, then.
Unknown command.
Evoke which item? (* to show all) (? for menu, Esc to quit)
Aiming: Paralyse
Press: ? - help, Shift-Dir - straight line, f - wyvern
Aim: a wyvern (moderately wounded, chance to defeat MR: 77%)
The wyvern barely resists.
The wyvern bites you!
You die...
Your body crumbles into a pile of gold.

########<###... ..#
#.# #.#.###.# #.#
#.....$.# #.#
#...$.$$# #.#
#.......# #.#
#...∩...# #.#
#.$.....# #.#
#...>l..# #.#
#....@..# #####
#$###..)∩..[###......
#.$$$$.$.....$$.#
#.##$.....)..##.#
#.##$........# #
#.############ #.#
########.# ........>#


You could see a wyvern.

Vanquished Creatures
  The ghost of Duffy the Nimble, a journeyman DEFE of Vehumet (D:12)
  2 two-headed ogres
  The ghost of Amnesiac the Prestidigitator, a novice DEAr of Gozag (D:12)
  A cyclops (D:12)
  2 manticores
  2 ugly things
  A komodo dragon (D:10)
  4 trolls
  5 hippogriffs
  The ghost of Amnesiac the Charlatan, an amateur DEAr (D:5)
  7 yaks
  2 wyverns
  A basilisk (D:8)
  A steam dragon (D:10)
  A water moccasin (D:12)
  4 orc warriors
  2 ice beasts
  Duvessa (Temple)
  5 black bears
  Purgy (Sewer)
  A sky beast (D:6)
  A phantom (D:4)
  8 ogres
  A wolf (D:3)
  3 centaurs
  2 crocodiles (D:10)
  Blork the orc (D:4)
  4 bullfrogs
  Dowan (Temple)
  3 scorpions
  11 killer bees
  3 wights (D:6)
  A centaur zombie (D:8)
  3 howler monkeys (D:9)
  7 crimson imps
  6 hounds
  A quasit (D:10)
  4 bullfrog skeletons
  A jelly (D:10)
  A bullfrog zombie (D:7)
  5 orc priests
  2 centaur skeletons
  14 orc wizards
  Terence (D:2)
  Jessica (D:3)
  2 gnoll shamans
  2 iguanas (D:5)
  8 worker ants
  A hound zombie (D:6)
  A hound skeleton (D:11)
  A howler monkey zombie (D:7)
  Robin (D:3)
  A howler monkey skeleton (D:8)
  9 gnolls
  17 adders
  5 shadow imps
  An ooze (D:3)
  2 adder skeletons (D:8)
  4 worms
  3 dart slugs
  5 leopard geckos
  40 orcs
  8 bats
  5 giant cockroaches
  13 goblins
  10 hobgoblins
  18 jackals
  4 kobolds
  5 quokkas
  14 ball pythons
  6 frilled lizards
  2 leopard gecko skeletons
  A quokka skeleton (D:7)
  5 rats
325 creatures vanquished.

Vanquished Creatures (collateral kills)
  2 rust devils
  2 orc warriors
  A shadow imp (D:5)
  3 orcs (D:12)
8 creatures vanquished.

Vanquished Creatures (others)
  A wyvern (D:10)
  A giant cockroach (D:3)
2 creatures vanquished.

Grand Total: 335 creatures vanquished

Notes
Turn   | Place    | Note
-------+----------+-------------------------------------------
     0 | D:1      | Amnesiac the Deep Elf Artificer began the quest for the Orb.
     0 | D:1      | Reached XP level 1. HP: 11/11 MP: 5/5
    65 | D:1      | Reached skill level 1 in Fighting
   269 | D:2      | Reached skill level 1 in Armour
   270 | D:2      | Reached XP level 2. HP: 5/16 MP: 6/6
   438 | D:2      | You fall through a shaft for 2 floors!
   452 | D:4      | Reached XP level 3. HP: 16/20 MP: 7/7
   483 | D:4      | Reached skill level 4 in Evocations
   483 | D:4      | Reached XP level 4. HP: 23/26 MP: 7/9
   761 | D:4      | Reached XP level 5. HP: 29/30 MP: 10/10
   871 | D:4      | Noticed a phantom
   884 | D:4      | Killed a phantom
   884 | D:4      | Reached skill level 5 in Evocations
  1173 | D:4      | Found Jeiledgh's Antique Weapon Boutique.
  1174 | D:4      | Found Los Hufi's Distillery.
  1202 | D:4      | Noticed Blork the orc
  1210 | D:4      | Killed Blork the orc
  1210 | D:4      | Reached XP level 6. HP: 23/36 MP: 10/12
  1274 | D:4      | Found Dieczeun's Food Shop.
  1559 | D:3      | Noticed Jessica
  1561 | D:3      | Killed Jessica
  1667 | D:5      | Entered Level 5 of the Dungeon
  1947 | D:3      | Noticed Robin
  1951 | D:3      | Killed Robin
  1951 | D:3      | Reached skill level 6 in Evocations
  2039 | D:3      | Reached XP level 7. HP: 40/40 MP: 13/13
  2263 | D:3      | Found a glowing drain.
  2284 | Sewer    | Entered a sewer
  2373 | Sewer    | Noticed Purgy
  2384 | Sewer    | Killed Purgy
  2713 | D:5      | Noticed Amnesiac's ghost (amateur DEAr)
  2775 | D:5      | Reached skill level 7 in Evocations
  3009 | D:5      | Reached XP level 8. HP: 37/47 MP: 15/15
  3031 | D:5      | Killed Amnesiac's ghost
  3319 | D:5      | Reached skill level 8 in Evocations
  3870 | D:6      | Found a staircase to the Ecumenical Temple.
  3874 | D:6      | Noticed Duvessa
  3874 | D:6      | Noticed Dowan
  3882 | Temple   | Entered the Ecumenical Temple
  3892 | Temple   | Became a worshipper of Gozag Ym Sagoz the Greedy
  3910 | Temple   | Killed Duvessa
  3916 | Temple   | Killed Dowan
  4677 | D:1      | Paralysed by fainting for 6 turns
  4684 | D:1      | Paralysed by fainting for 12 turns
  4712 | D:1      | Paralysed by fainting for 12 turns
  4725 | D:1      | Paralysed by fainting for 7 turns
  4761 | D:1      | Paralysed by fainting for 5 turns
  5210 | D:2      | Noticed Terence
  5217 | D:2      | Killed Terence
  5464 | D:2      | Found a radiant altar of Vehumet.
  5802 | D:3      | Paralysed by fainting for 6 turns
  5814 | D:3      | Paralysed by fainting for 11 turns
  5876 | D:3      | Paralysed by fainting for 5 turns
  6048 | D:3      | Found a runed door.
  6346 | D:3      | Noticed Crazy Yiuf
  6347 | D:3      | Noticed Crazy Yiuf
  6347 | D:3      | Crazy Yiuf changed into Crazy Yiuf the wolf
  6352 | D:3      | Killed Crazy Yiuf the wolf
  6352 | D:3      | Reached skill level 9 in Evocations
  6938 | D:6      | Reached XP level 9. HP: 34/52 MP: 17/17
  7040 | D:6      | Reached skill level 1 in Shields
  7325 | D:7      | Noticed a two-headed ogre
  7439 | D:7      | Found Igeogo's Book Shop.
  8061 | D:6      | Killed a two-headed ogre
  8061 | D:6      | Reached skill level 5 in Shields
  8962 | D:8      | Reached skill level 5 in Dodging
  9076 | D:8      | Noticed a two-headed ogre
  9080 | D:8      | Noticed a manticore
  9080 | D:8      | a two-headed ogre changed into a manticore
  9086 | D:8      | Killed a manticore
  9086 | D:8      | Reached skill level 5 in Fighting
  9086 | D:8      | Reached XP level 10. HP: 27/59 MP: 19/19
  9231 | D:8      | Reached skill level 5 in Armour
  9503 | D:8      | Reached skill level 10 in Evocations
  9919 | D:8      | Noticed Psyche
  9923 | D:8      | Noticed Psyche
  9923 | D:8      | Psyche changed into Psyche the basilisk
  9988 | D:8      | Killed Psyche the basilisk
 11241 | D:9      | Reached skill level 11 in Evocations
 12079 | D:9      | Reached skill level 12 in Evocations
 12186 | D:10     | Entered Level 10 of the Dungeon
 12342 | D:10     | Found an iron altar of Okawaru.
 12413 | D:10     | HP: 2/59 [troll (6)]
 12776 | D:10     | Noticed Urug
 12777 | D:10     | Noticed Urug
 12777 | D:10     | Urug changed into Urug the two-headed ogre
 12786 | D:10     | Killed Urug the two-headed ogre
 12786 | D:10     | Reached XP level 11. HP: 52/64 MP: 22/22
 12827 | D:10     | Found an ornate altar of the Wu Jian Council.
 12843 | D:10     | Noticed a green ugly thing
 12865 | D:10     | Killed a green ugly thing
 13684 | D:10     | Found a staircase to the Lair.
 13692 | D:10     | Got a jade-encrusted plate armour
 14526 | D:11     | Found Xuecsim's Food Boutique.
 14636 | D:11     | Noticed a red ugly thing
 14644 | D:11     | Killed a red ugly thing
 15160 | D:12     | Noticed Amnesiac's ghost (novice DEAr)
 15173 | D:12     | Killed Amnesiac's ghost
 15407 | D:11     | Reached skill level 13 in Evocations
 15889 | D:12     | Noticed Duffy's ghost (journeyman DEFE)
 15910 | D:12     | Killed Duffy's ghost
 15934 | D:12     | Found Kuorch's Magic Scroll Shoppe.
 15939 | D:12     | Bought a scroll of fog for 28 gold pieces
 15958 | D:12     | Found Jibausus's Weapon Shoppe.
 16011 | D:12     | Found a staircase to the Orcish Mines.
 16029 | D:12     | Found Valu's Armour Shoppe.
 16130 | D:12     | Slain by a wyvern

Vault maps used:
D:1:      dpeg_arrival_tiny_g
D:2:      vehumet_crystals, first_ration, uniq_terence
D:3:      portal_sewer_entry_e, minmay_snake_closets, uniq_robin, uniq_jessica,
          uniq_crazy_yiuf_cottage
D:4:      serial_shops, shop_statue, shop, shop, uniq_blork_the_orc
D:5:      hangedman_decor_lopped
D:6:      minmay_temple_entry_hall, uniq_duvessa
D:7:      serial_shops, nicolae_shop_waterfront, grunt_ogre_cave
D:8:      uniq_psyche
D:10:     cheibrodos_iron_armory, erik_lair_dragon, basic_altar,
          okawaru_ov_weapons_minmay, uniq_urug
D:11:     serial_shops, nicolae_shop_window_shopping
D:12:     orc_david_3, serial_shops, shop
Temple:   compressed_dpeg_circular_temple
Sewer:    sewer_co_purgy_island

Skill      XL: |  1  2  3  4  5  6  7  8  9 10 11 |
---------------+----------------------------------+-----
Fighting       | 1 2 3 4 5 6 |  6.5
Armour         | 1 2 3 4 5 6 |  6.4
Evocations     | 4 5 6 7 9 12 13 | 13.5
Stealth        | 2 |  2.4
Short Blades   | 2 |  2.0
Dodging        | 4 5 7 |  7.5
Shields        | 5 6 |  6.5

Action                   |  1- 3 |  4- 6 |  7- 9 | 10-12 || total
-------------------------+-------+-------+-------+-------++-------
Melee: Short sword       |    42 |   181 |   485 |   708 ||  1416
       Staff             |       |       |    12 |       ||    12
Evoke: Wand              |     9 |     5 |    22 |    41 ||    77
  Use: Scroll            |       |     4 |     8 |     2 ||    14
       Potion            |       |       |     7 |     1 ||     8
 Stab: Sleeping          |     1 |       |     2 |       ||     3
       Invisible         |       |       |     2 |       ||     2
       Paralysed         |       |       |       |    17 ||    17
       Distracted        |       |       |       |     2 ||     2
  Eat: Chunk             |       |     4 |     6 |       ||    10
       Ration            |       |       |     5 |     7 ||    12
Armor: Plate armour      |    23 |   125 |   365 |   336 ||   849
       Leather armour    |     9 |       |       |       ||     9
       Robe              |       |       |     6 |       ||     6
       Chain mail        |       |       |       |   144 ||   144
Dodge: Dodged            |     9 |    33 |   126 |   192 ||   360
Block: Shield            |       |       |   114 |   391 ||   505

Table legend:
 A = Spawn XP
 B = Non-spawn XP
 C = Spawn XP percentage of total XP
 D = Spawn monster count
 E = Non-spawn monster count
 F = Spawn count percentage of total count
 G = Total turns spent on level
                    A         B        C        D         E        F      G
               +---------+---------+-------+---------+---------+-------+---------
         Total |       0 |   20944 |   0.0 |       0 |     333 |   0.0 | 16130
               +---------+---------+-------+---------+---------+-------+---------
           D:1 |       0 |      14 |   0.0 |       0 |       7 |   0.0 |   871
           D:2 |       0 |      99 |   0.0 |       0 |      23 |   0.0 |  1060
           D:3 |       0 |     332 |   0.0 |       0 |      52 |   0.0 |  1506
           D:4 |       0 |     536 |   0.0 |       0 |      25 |   0.0 |  1668
           D:5 |       0 |     839 |   0.0 |       0 |      19 |   0.0 |  1135
           D:6 |       0 |    1740 |   0.0 |       0 |      27 |   0.0 |  1418
           D:7 |       0 |     981 |   0.0 |       0 |      24 |   0.0 |  1021
           D:8 |       0 |    3116 |   0.0 |       0 |      47 |   0.0 |  2041
           D:9 |       0 |    1550 |   0.0 |       0 |      24 |   0.0 |  1503
          D:10 |       0 |    3737 |   0.0 |       0 |      19 |   0.0 |  1550
          D:11 |       0 |    3265 |   0.0 |       0 |      22 |   0.0 |  1820
          D:12 |       0 |    4373 |   0.0 |       0 |      33 |   0.0 |   289
        Temple |       0 |     211 |   0.0 |       0 |       2 |   0.0 |    59
         Sewer |       0 |     151 |   0.0 |       0 |       9 |   0.0 |   189
               +---------+---------+-------+---------+---------+-------+---------
